2149 views
Uploaded 2025-03-10 03:01:46
Game version 1.00 (6115)
38:01 long 1on3 private game on templodelacorona_v1.3
Saved by Alex11Chr
2149 views
Uploaded 2025-03-10 03:01:46
Game version 1.00 (6115)
38:01 long 1on3 private game on templodelacorona_v1.3


121 units @ 19k
/ 2.7k
89 buildings @ 13.2k
/ 6.4k
⇛
Alex11Chr
(18)
(37:59) : 


| Potion of Healing | 12 | 1800 |
| Potion of Mana | 10 | 2000 |
| Healing Salve | 5 | 500 |
| Lesser Clarity Potion | 7 | 490 |
| Orb of Lightning | 1 | 375 |
| Scroll of Town Portal | 5 | 1750 |
| Potion of Lesser Invulnerability | 1 | 150 |
| Scroll of Regeneration | 1 | 100 |
| Staff of Sanctuary | 1 | 250 |
| Orb of Fire | 1 | 325 |
| total: | 44 | 7740g |
| Peon | 12 | 900 | / | 0 |
| Troll Headhunter | 7 | 980 | / | 140 |
| Troll Berserker | 14 | 1960 | / | 280 |
| Goblin Shredder | 1 | 375 | / | 100 |
| total: | 34 | 4215g | / | 520w |
| Watch Tower | 28 | 3080 | / | 2240 |
| Altar of Storms | 1 | 180 | / | 50 |
| Orc Burrow | 5 | 800 | / | 200 |
| Barracks | 2 | 360 | / | 100 |
| War Mill | 1 | 205 | / | 0 |
| Voodoo Lounge | 1 | 130 | / | 30 |
| Great Hall | 5 | 1925 | / | 925 |
| Stronghold | 1 | 315 | / | 190 |
| Fortress | 1 | 325 | / | 190 |
| total: | 43 | 6680g | / | 3545w |
| 0:03 | Peon |
| 0:05 | Altar of Storms |
| 0:16 | Peon |
| 0:22 | Orc Burrow |
| 0:26 | Peon |
| 0:42 | Peon |
| 0:54 | Barracks |
| 0:57 | Peon |
| 1:12 | Peon |
| 1:27 | War Mill |
| 1:35 | Peon |
| 1:50 | Peon |
| 2:00 | Orc Burrow |
| 2:06 | Peon |
| 2:18 | Feral Spirit |
| 2:22 | Peon |
| 2:37 | Stronghold |
| 2:53 | Troll Headhunter |
| 3:16 | Troll Headhunter |
| 3:39 | Troll Headhunter |
| 3:42 | Orc Burrow |
| 3:46 | Steel Ranged Weapons |
| 3:53 | Chain Lighting |
| 4:00 | Voodoo Lounge |
| 4:14 | Troll Headhunter |
| 4:52 | Troll Headhunter |
| 5:35 | Fortress |
| 5:38 | Breath of Fire |
| 6:11 | Chain Lighting |
| 6:36 | Drunken Haze |
| 6:39 | Troll Headhunter |
| 6:41 | Orc Burrow |
| 6:43 | Thorium Ranged Weapons |
| 7:00 | Great Hall |
| 7:02 | Troll Headhunter |
| 8:37 | Berserker Upgrade |
| 8:59 | Goblin Shredder |
| 9:40 | Troll Regeneration |
| 9:42 | Barracks |
| 9:45 | Feral Spirit |
| 9:50 | Steel Armor |
| 9:57 | Breath of Fire |
| 9:58 | Forked Lightning |
| 10:00 | Potion of Healing |
| 10:00 | Potion of Mana |
| 10:08 | Potion of Healing |
| 10:08 | Potion of Mana |
| 10:09 | Scroll of Town Portal |
| 10:14 | Healing Salve |
| 10:14 | Lesser Clarity Potion |
| 12:02 | Troll Berserker |
| 12:05 | Arcanite Ranged Weapons |
| 12:31 | Troll Berserker |
| 13:26 | Drunken Haze |
| 13:40 | Troll Berserker |
| 14:13 | Watch Tower |
| 14:57 | Troll Berserker |
| 15:00 | Thorium Armor |
| 15:22 | Great Hall |
| 15:40 | Troll Berserker |
| 15:45 | Orc Burrow |
| 15:48 | Lesser Clarity Potion |
| 15:48 | Healing Salve |
| 15:54 | Potion of Healing |
| 15:54 | Potion of Mana |
| 15:55 | Potion of Healing |
| 15:55 | Potion of Mana |
| 15:56 | Potion of Healing |
| 16:02 | Scroll of Town Portal |
| 16:13 | Chain Lighting |
| 16:26 | Potion of Lesser Invulnerability |
| 16:44 | Troll Berserker |
| 16:49 | Mana Shield |
| 17:32 | Healing Salve |
| 17:36 | Lesser Clarity Potion |
| 17:43 | Scroll of Town Portal |
| 17:50 | Peon |
| 17:51 | Peon |
| 17:55 | Troll Berserker |
| 18:11 | Arcanite Armor |
| 19:08 | Troll Berserker |
| 19:10 | Lesser Clarity Potion |
| 19:13 | Potion of Healing |
| 19:13 | Potion of Mana |
| 19:16 | Orb of Lightning |
| 19:43 | Reinforced Defenses |
| 19:44 | Spiked Barricades |
| 19:45 | Pillage |
| 19:46 | Troll Berserker |
| 20:19 | Forked Lightning |
| 20:23 | Breath of Fire |
| 21:17 | Troll Berserker |
| 21:34 | Scroll of Regeneration |
| 21:38 | Lesser Clarity Potion |
| 21:41 | Scroll of Town Portal |
| 21:48 | Potion of Healing |
| 21:48 | Potion of Mana |
| 21:48 | Staff of Sanctuary |
| 21:50 | Potion of Healing |
| 21:50 | Orb of Fire |
| 22:12 | Potion of Mana |
| 22:17 | Earth Quake |
| 22:55 | Potion of Healing |
| 22:55 | Scroll of Town Portal |
| 22:56 | Potion of Mana |
| 22:56 | Potion of Healing |
| 24:05 | Storm Earth and Fire |
| 24:07 | Mana Shield |
| 24:26 | Feral Spirit |
| 24:52 | Healing Salve |
| 24:53 | Lesser Clarity Potion |
| 25:06 | Potion of Healing |
| 25:07 | Potion of Mana |
| 25:22 | Lesser Clarity Potion |
| 25:25 | Potion of Mana |
| 26:15 | Great Hall |
| 26:16 | Watch Tower |
| 26:17 | Watch Tower |
| 26:18 | Watch Tower |
| 26:19 | Watch Tower |
| 26:21 | Great Hall |
| 26:23 | Watch Tower |
| 26:24 | Watch Tower |
| 26:24 | Watch Tower |
| 26:26 | Watch Tower |
| 26:39 | Potion of Healing |
| 26:40 | Healing Salve |
| 27:05 | Watch Tower |
| 27:06 | Watch Tower |
| 27:07 | Watch Tower |
| 27:08 | Watch Tower |
| 27:09 | Watch Tower |
| 27:09 | Watch Tower |
| 27:11 | Watch Tower |
| 27:12 | Watch Tower |
| 28:57 | Drunken Haze |
| 30:42 | Forked Lightning |
| 30:52 | Great Hall |
| 30:55 | Watch Tower |
| 30:56 | Watch Tower |
| 30:57 | Watch Tower |
| 31:04 | Troll Berserker |
| 31:07 | Troll Berserker |
| 31:10 | Steel Melee Weapons |
| 31:10 | Improved Spiked Barricades |
| 31:41 | Far Sight |
| 34:29 | Watch Tower |
| 34:33 | Watch Tower |
| 34:35 | Watch Tower |
| 34:45 | Watch Tower |
| 35:03 | Troll Berserker |
| 35:03 | Troll Berserker |
| 35:04 | Thorium Melee Weapons |
| 35:58 | Tornado |
| 36:12 | Watch Tower |
| 36:13 | Watch Tower |
| 37:15 | Watch Tower |
| 37:24 | Drunken Brawler |
| 37:35 | Watch Tower |
| Right click | 900 |
| Select | 609 |
| Select group | 529 |
| Misc. action | 210 |
| Build/train/purchase | 181 |
| Use ability | 133 |
| Assign group | 58 |
| Resource trade | 19 |
| Item give/drop | 13 |
| Esc | 3 |
| Minimap ping | 2 |
| Remove unit | 1 |



| Potion of Healing | 10 | 1500 |
| Sacrificial Skull | 1 | 50 |
| Potion of Mana | 4 | 800 |
| Scroll of Town Portal | 3 | 1050 |
| Scroll of Healing | 6 | 1500 |
| Scroll of Protection | 4 | 600 |
| total: | 28 | 5500g |
| Acolyte | 7 | 525 | / | 0 |
| Ghoul | 5 | 600 | / | 0 |
| Crypt Fiend | 3 | 645 | / | 120 |
| Obsidian Statue | 6 | 1200 | / | 210 |
| Frost Wyrm | 3 | 1155 | / | 360 |
| Abomination | 2 | 480 | / | 140 |
| total: | 26 | 4605g | / | 830w |
| Nerubian Tower | 3 | 300 | / | 60 |
| Spirit Tower | 6 | 870 | / | 240 |
| Altar of Darkness | 2 | 360 | / | 100 |
| Ziggurat | 9 | 1350 | / | 450 |
| Crypt | 1 | 200 | / | 50 |
| Graveyard | 1 | 215 | / | 0 |
| Tomb of Relics | 1 | 130 | / | 30 |
| Slaughterhouse | 1 | 140 | / | 135 |
| Boneyard | 2 | 350 | / | 400 |
| Halls of the Dead | 1 | 320 | / | 210 |
| Black Citadel | 1 | 325 | / | 230 |
| total: | 17 | 2745g | / | 1165w |
| 0:05 | Acolyte |
| 0:11 | Altar of Darkness |
| 0:16 | Ziggurat |
| 0:31 | Crypt |
| 0:47 | Acolyte |
| 1:18 | Ziggurat |
| 1:31 | Graveyard |
| 1:45 | Ghoul |
| 1:56 | Ghoul |
| 2:08 | Ghoul |
| 2:20 | Ghoul |
| 2:29 | Death Coil |
| 2:40 | Ghoul |
| 2:53 | Ziggurat |
| 3:07 | Ziggurat |
| 3:35 | Crypt Fiend |
| 3:39 | Nerubian Tower |
| 3:59 | Tomb of Relics |
| 4:24 | Crypt Fiend |
| 4:52 | Halls of the Dead |
| 5:26 | Spirit Tower |
| 5:27 | Spirit Tower |
| 5:29 | Nerubian Tower |
| 5:36 | Unholy Aura |
| 5:58 | Creature Carapace |
| 6:19 | Ziggurat |
| 6:50 | Creature Attack |
| 7:20 | Spirit Tower |
| 7:24 | Web |
| 7:41 | Crypt Fiend |
| 8:18 | Potion of Healing |
| 8:18 | Potion of Healing |
| 8:37 | Frost Nova |
| 8:46 | Acolyte |
| 8:59 | Slaughterhouse |
| 9:41 | Death Coil |
| 9:49 | Black Citadel |
| 10:12 | Potion of Healing |
| 10:16 | Sacrificial Skull |
| 10:25 | Potion of Mana |
| 10:39 | Unholy Armor |
| 10:40 | Unholy Strength |
| 10:55 | Ziggurat |
| 11:34 | Potion of Healing |
| 11:36 | Potion of Mana |
| 11:52 | Scroll of Town Portal |
| 12:06 | Spirit Tower |
| 12:21 | Acolyte |
| 12:21 | Acolyte |
| 12:26 | Acolyte |
| 12:32 | Acolyte |
| 12:43 | Disease Cloud |
| 12:52 | Boneyard |
| 12:58 | Boneyard |
| 13:11 | Frost Armor |
| 13:34 | Obsidian Statue |
| 13:35 | Obsidian Statue |
| 13:44 | Ziggurat |
| 13:47 | Ziggurat |
| 14:17 | Ziggurat |
| 14:23 | Obsidian Statue |
| 14:42 | Nerubian Tower |
| 14:44 | Spirit Tower |
| 14:48 | Freezing Breath |
| 14:56 | Obsidian Statue |
| 15:16 | Unholy Aura |
| 15:20 | Potion of Healing |
| 15:21 | Potion of Mana |
| 15:25 | Carrion Swarm |
| 15:44 | Frost Wyrm |
| 16:08 | Frost Nova |
| 16:16 | Scroll of Healing |
| 16:23 | Scroll of Healing |
| 16:44 | Spirit Tower |
| 16:49 | Frost Wyrm |
| 18:49 | Potion of Healing |
| 18:50 | Potion of Mana |
| 19:05 | Scroll of Town Portal |
| 19:05 | Potion of Healing |
| 19:15 | Obsidian Statue |
| 19:16 | Frost Wyrm |
| 19:17 | Abomination |
| 20:22 | Vampiric Aura |
| 20:37 | Obsidian Statue |
| 20:37 | Abomination |
| 20:52 | Improved Unholy Armor |
| 20:53 | Improved Creature Carapace |
| 20:54 | Improved Creature Attack |
| 20:54 | Improved Unholy Strength |
| 21:26 | Death Coil |
| 23:04 | Vampiric Aura |
| 23:27 | Frost Armor |
| 24:04 | Potion of Healing |
| 24:05 | Potion of Healing |
| 24:06 | Potion of Healing |
| 24:09 | Scroll of Town Portal |
| 24:41 | Advanced Unholy Armor |
| 24:42 | Advanced Creature Carapace |
| 24:42 | Advanced Creature Attack |
| 25:52 | Altar of Darkness |
| 25:59 | Advanced Unholy Strength |
| 26:41 | Scroll of Healing |
| 26:43 | Scroll of Protection |
| 26:46 | Scroll of Healing |
| 26:47 | Scroll of Protection |
| 28:26 | Scroll of Healing |
| 28:27 | Scroll of Protection |
| 28:33 | Scroll of Healing |
| 28:33 | Scroll of Protection |
| 28:56 | Carrion Swarm |
| 29:13 | Frost Nova |
| 29:20 | Animate Dead |
| 30:51 | Carrion Swarm |
| 31:45 | Death and Decay |
| 33:08 | Unholy Aura |
| 35:16 | Inferno |
| Right click | 2107 |
| Select group | 821 |
| Select | 234 |
| Build/train/purchase | 127 |
| Use ability | 71 |
| Assign group | 38 |
| Item give/drop | 6 |
| Minimap ping | 4 |



| Orb of Fire | 1 | 325 |
| Scroll of Town Portal | 2 | 700 |
| Circlet of Nobility | 1 | 175 |
| Periapt of Vitality | 1 | 325 |
| total: | 5 | 1525g |
| Peasant | 18 | 1350 | / | 0 |
| Footman | 4 | 540 | / | 0 |
| Rifleman | 32 | 6560 | / | 960 |
| Priest | 2 | 270 | / | 20 |
| Gryphon Rider | 4 | 1120 | / | 280 |
| Goblin Shredder | 1 | 375 | / | 100 |
| total: | 61 | 10215g | / | 1360w |
| Scout Tower | 5 | 150 | / | 100 |
| Guard Tower | 3 | 210 | / | 150 |
| Arcane Tower | 2 | 140 | / | 100 |
| Altar of Kings | 1 | 180 | / | 50 |
| Farm | 13 | 1040 | / | 260 |
| Barracks | 1 | 160 | / | 60 |
| Lumber Mill | 1 | 120 | / | 0 |
| Blacksmith | 1 | 140 | / | 60 |
| Town Hall | 4 | 1540 | / | 820 |
| Arcane Vault | 1 | 130 | / | 30 |
| Arcane Sanctum | 1 | 150 | / | 140 |
| Gryphon Aviary | 1 | 140 | / | 150 |
| Keep | 1 | 320 | / | 210 |
| Castle | 1 | 360 | / | 210 |
| total: | 29 | 3750g | / | 1670w |
| 0:02 | Peasant |
| 0:02 | Peasant |
| 0:02 | Peasant |
| 0:07 | Altar of Kings |
| 0:25 | Farm |
| 0:29 | Farm |
| 0:36 | Peasant |
| 0:36 | Peasant |
| 1:12 | Barracks |
| 1:52 | Footman |
| 1:52 | Footman |
| 1:56 | Farm |
| 2:00 | Farm |
| 2:28 | Holy Light |
| 2:34 | Lumber Mill |
| 2:53 | Footman |
| 2:53 | Footman |
| 3:20 | Improved Lumber Harvesting |
| 4:12 | Divine Shield |
| 4:16 | Keep |
| 4:23 | Blacksmith |
| 4:30 | Farm |
| 6:06 | Scout Tower |
| 6:09 | Black Gunpowder |
| 6:10 | Studded Leather Armor |
| 6:13 | Rifleman |
| 6:13 | Rifleman |
| 6:40 | Guard Tower |
| 6:41 | Advanced Lumber Harvesting |
| 6:43 | Long Rifles |
| 6:47 | Iron Forged Swords |
| 7:25 | Holy Light |
| 7:27 | Holy Light |
| 7:55 | Summon Water Elemental |
| 8:03 | Rifleman |
| 8:03 | Rifleman |
| 8:03 | Rifleman |
| 8:56 | Peasant |
| 8:56 | Peasant |
| 8:56 | Peasant |
| 10:57 | Rifleman |
| 10:57 | Rifleman |
| 10:57 | Rifleman |
| 10:57 | Rifleman |
| 10:57 | Rifleman |
| 13:10 | Town Hall |
| 14:12 | Arcane Sanctum |
| 14:40 | Farm |
| 14:45 | Farm |
| 14:49 | Castle |
| 15:07 | Goblin Shredder |
| 15:34 | Scout Tower |
| 16:04 | Refined Gunpowder |
| 16:07 | Priest Adept Training |
| 16:09 | Priest |
| 16:10 | Priest |
| 16:12 | Guard Tower |
| 16:15 | Scout Tower |
| 16:27 | Peasant |
| 16:27 | Peasant |
| 16:28 | Peasant |
| 16:28 | Peasant |
| 16:37 | Arcane Vault |
| 16:43 | Rifleman |
| 16:43 | Rifleman |
| 16:44 | Rifleman |
| 16:54 | Reinforced Leather Armor |
| 17:38 | Arcane Tower |
| 17:52 | Improved Masonry |
| 17:57 | Priest Master Training |
| 18:51 | Imbued Gunpowder |
| 19:01 | Advanced Masonry |
| 20:06 | Divine Shield |
| 20:32 | Siphon Mana |
| 20:42 | Rifleman |
| 20:42 | Rifleman |
| 20:43 | Rifleman |
| 20:43 | Rifleman |
| 20:43 | Rifleman |
| 21:28 | Imbued Masonry |
| 22:28 | Town Hall |
| 24:20 | Brilliance Aura |
| 24:32 | Dragonhide Armor |
| 24:32 | Steel Forged Swords |
| 24:59 | Scout Tower |
| 25:26 | Peasant |
| 25:33 | Scout Tower |
| 25:49 | Gryphon Aviary |
| 25:58 | Guard Tower |
| 26:00 | Arcane Tower |
| 26:05 | Rifleman |
| 26:05 | Rifleman |
| 26:10 | Farm |
| 26:11 | Farm |
| 26:13 | Farm |
| 26:14 | Farm |
| 26:15 | Farm |
| 26:47 | Scroll of Town Portal |
| 26:55 | Scroll of Town Portal |
| 27:11 | Orb of Fire |
| 27:28 | Storm Hammers |
| 28:55 | Summon Water Elemental |
| 29:02 | Gryphon Rider |
| 29:02 | Gryphon Rider |
| 29:02 | Gryphon Rider |
| 29:02 | Gryphon Rider |
| 29:04 | Rifleman |
| 29:04 | Rifleman |
| 29:04 | Rifleman |
| 29:04 | Rifleman |
| 29:04 | Rifleman |
| 29:42 | Peasant |
| 29:42 | Peasant |
| 29:42 | Peasant |
| 29:42 | Peasant |
| 29:42 | Peasant |
| 30:00 | Holy Light |
| 30:31 | Brilliance Aura |
| 32:41 | Town Hall |
| 33:09 | Circlet of Nobility |
| 33:10 | Periapt of Vitality |
| 34:00 | Resurrection |
| 34:38 | Town Hall |
| 35:27 | Summon Water Elemental |
| 35:59 | Rifleman |
| 35:59 | Rifleman |
| 35:59 | Rifleman |
| 35:59 | Rifleman |
| 35:59 | Rifleman |
| 35:59 | Rifleman |
| 36:00 | Rifleman |
| 36:05 | Farm |
| 37:35 | Mithril Forged Swords |
| Right click | 677 |
| Select | 384 |
| Select group | 169 |
| Build/train/purchase | 147 |
| Use ability | 33 |
| Assign group | 23 |
| Esc | 8 |
| Minimap ping | 7 |